[Event "*** Titled Tuesday Blitz"]
[Site "Chess.com"]
[Date "2020.05.05"]
[Round "5"]
[White "SamuelGhimpu2003"]
[Black "Witaliss"]
[Result "1-0"]
[WhiteElo "2685"]
[BlackElo "2479"]
[TimeControl "180+1"]
[EndTime "10:54:22 PDT"]
[Termination "SamuelGhimpu2003 won by resignation"]

1. e4 c6 2. d4 d5 3. e5 Bf5 4.
Nd2 e6 5. Nb3 Nd7 6. Nf3 h6 7.
Be2 Ne7 8. O-O Bh7 9. Bd2 Ng6 10. Rc1 Be7 11. c4 dxc4 12. Bxc4 O-O 13. Bd3 Nb6 14. Nc5 Bxc5 15. Rxc5 Ne7 16. Bxh7+ Kxh7 17. a4 Nf5 18. a5 Nd7 19. Rc4 a6 20. Qb3 Qc7 21.
Rfc1 Rfd8 22. h3 Ne7 23. Bb4 Nf8 24. Bd6 Qd7 25. Rb4 Nf5 26. Rxb7 Qe8 27. Bc5 Nd7 28. Qc2 Rdb8 29. Rxb8 Rxb8 30. g4 Nxc5 31. dxc5 1-0

[Event "*** Titled Tuesday Blitz"]
[Site "Chess.com"]
[Date "2020.05.05"]
[Round "5"]
[White "Warre"]
[Black "mfwagnerpeixoto"]
[Result "1-0"]
[WhiteElo "2447"]
[BlackElo "2198"]
[TimeControl "180+1"]
[EndTime "10:54:31 PDT"]
[Termination "Warre won by resignation"]

1. d4 Nf6 2. c4 c5 3. d5 e6 4. Nc3 exd5 5. cxd5 d6 6. Nf3 g6 7.
Bf4 Bg7 8. Qa4+ Nfd7 9. Bxd6 Qb6 10. Qe4+ Ne5 11. Bxe5 f5 12. Qe3 O-O 13. Bxg7 Kxg7 14.
O-O-O Nd7 15. Ng5 Nf6 16. Qe7+ Kg8 17. d6 h6 18. e4 1-0

[Event "*** Titled Tuesday Blitz"]
[Site "Chess.com"]
[Date "2020.05.05"]
[Round "5"]
[White "Kislov_Oleg"]
[Black "Lupul_Cenusiu"]
[Result "0-1"]
[WhiteElo "2323"]
[BlackElo "2512"]
[TimeControl "180+1"]
[EndTime "10:54:35 PDT"]
[Termination "Lupul_Cenusiu won by resignation"]

1. e4 c5 2. Nf3 e6 3. c3 d6 4.
d4 Nf6 5. Bd3 Nc6 6. a3 Be7 7.
O-O O-O 8. e5 Nd7 9. exd6 Bxd6 10. dxc5 Nxc5 11. Bxh7+ Kxh7 12. Ng5+ Kg6 13. Qc2+ f5 14.
b4 Ne4 15. Nxe4 fxe4 16. Qxe4+ Kf7 17. c4 Qf6 18. Ra2 Rh8 19. g3 Qf5 20. Qe3 Qxb1 21.
Rd2 Be7 22. Bb2 Qf5 23. f4 a5 24. b5 Bc5 25. Bd4 Bxd4 26. Rxd4 Nxd4 27. Qxd4 Qf6 0-1

[Event "*** Titled Tuesday Blitz"]
[Site "Chess.com"]
[Date "2020.05.05"]
[Round "5"]
[White "Nastya_Rakhmangulova"]
[Black "larisakalinina"]
[Result "1-0"]
[WhiteElo "2295"]
[BlackElo "2039"]
[TimeControl "180+1"]
[EndTime "10:54:39 PDT"]
[Termination "Nastya_Rakhmangulova won by resignation"]

1. e4 c5 2. Nf3 Nc6 3. d4 cxd4 4.
Nxd4 Nf6 5. Nc3 d6 6. Bg5 h6 7.
Bxf6 gxf6 8. Qd2 Rg8 9. O-O-O Nxd4 10. Qxd4 f5 11. e5 Bg7 12. f4 Bd7 13. Qb4 dxe5 14.
Bb5 a5 15. Qa4 Kf8 16. Rxd7 Qb6 17. Qa3 Qe3+ 18. Kb1 exf4 19. Nd5 Qe5 20. Nxe7 1-0

[Event "*** Titled Tuesday Blitz"]
[Site "Chess.com"]
[Date "2020.05.05"]
[Round "5"]
[White "Batsai"]
[Black "algatar2020"]
[Result "1-0"]
[WhiteElo "2270"]
[BlackElo "1841"]
[TimeControl "180+1"]
[EndTime "10:54:44 PDT"]
[Termination "Batsai won by resignation"]

1. e4 d6 2. d4 g6 3. Nc3 Bg7 4. f4 Nd7 5. Nf3 c6 6. Bc4 Ngf6 7. e5 dxe5 8. fxe5 Nd5 9. O-O e6 10. Ne4 O-O 11. Bg5 Qb6 12. Kh1 h6 13. Bd2 c5 14.
Qc1 Kh7 15. Bxd5 exd5 16. dxc5 Nxc5 17. Nf6+ Bxf6 18. exf6 g5 19. Bxg5 hxg5 20. Qxg5 Ne6 21. Qh5+ Kg8 22. Ng5 1-0

[Event "*** Titled Tuesday Blitz"]
[Site "Chess.com"]
[Date "2020.05.05"]
[Round "5"]
[White "Parhamov"]
[Black "neurisdr"]
[Result "1-0"]
[WhiteElo "3011"]
[BlackElo "2792"]
[TimeControl "180+1"]
[EndTime "10:54:45 PDT"]
[Termination "Parhamov won by resignation"]

1. e4 c5 2. Nf3 d6 3. d4 cxd4 4.
Nxd4 Nf6 5. Nc3 a6 6. f3 e5 7. Nb3 Be7 8. Be3 O-O 9. Qd2 Be6 10.
O-O-O Nbd7 11. Kb1 b5 12. g3 Rc8 13. f4 b4 14. Nd5 Nxd5 15. exd5 Bf5 16. Bd3 Bxd3 17. Qxd3 a5 18. Nd2 exf4 19. gxf4 f5 20. Nc4 Nc5 21. Bxc5 Rxc5 22. Rhe1 Bf6 23. Re6 Qc7 24.
b3 a4 25. Rxd6 axb3 26. cxb3 Ra8 27. Rxf6 gxf6 28. d6 Qf7 29. d7 Rd8 30. Qd6 Rb5 31. Nb6 Qf8 32. Qe6+ Qf7 33. Rg1+ Kf8 34. Qd6+ Qe7 35.
Rg8+ 1-0

[Event "*** Titled Tuesday Blitz"]
[Site "Chess.com"]
[Date "2020.05.05"]
[Round "5"]
[White "artooon"]
[Black "Sychev_Klementy"]
[Result "1-0"]
[WhiteElo "2642"]
[BlackElo "2875"]
[TimeControl "180+1"]
[EndTime "10:54:47 PDT"]
[Termination "artooon won on time"]

1. e4 e5 2. Nf3 Nc6 3. d4 exd4 4. Bc4 Nf6 5. O-O Nxe4 6. Nc3 dxc3 7. Bxf7+ Kxf7 8.
Qd5+ Ke8 9. Re1 Qf6 10. Bg5 Qd6 11. Qxe4+ Kf7 12. Qc4+ Kg6 13. Rad1 Qc5 14. Qe4+ Kf7 15. Rd5 Qb4 16. Rf5+ Kg6 17. Nh4+ Kh5 18. Be3+ 1-0

[Event "*** Titled Tuesday Blitz"]
[Site "Chess.com"]
[Date "2020.05.05"]
[Round "5"]
[White "Wolverine_master"]
[Black "djano"]
[Result "0-1"]
[WhiteElo "2208"]
[BlackElo "2432"]
[TimeControl "180+1"]
[EndTime "10:54:47 PDT"]
[Termination "djano won by resignation"]

1. e4 e5 2. Nf3 Nc6 3. d4 exd4 4. Bc4 Bc5 5. c3 Nf6 6. e5 d5 7. Bb5 Ne4 8. Nxd4 O-O 9. Bxc6 bxc6 10. Nd2 Ba6 11. Nxe4 dxe4 12. Be3 Qd5 13. Qa4 Bxd4 14. Qxd4 Qb5 15. O-O-O Qa5 16. Kb1 Bd3+ 17. Ka1 Rfb8 18.
Rd2 Rb5 19. Qd7 Rab8 20. Qxc6 Qxa2+ 0-1

[Event "*** Titled Tuesday Blitz"]
[Site "Chess.com"]
[Date "2020.05.05"]
[Round "5"]
[White "kinga2008"]
[Black "drinbet"]
[Result "0-1"]
[WhiteElo "2101"]
[BlackElo "2311"]
[TimeControl "180+1"]
[EndTime "10:54:49 PDT"]
[Termination "drinbet won by resignation"]

1. e4 c5 2. Nf3 e6 3. c3 d5 4. Bd3 Nf6 5. e5 Nfd7 6. Bc2 d4 7.
cxd4 cxd4 8. O-O Nc6 9. Re1 Bc5 10. d3 O-O 11. Bf4 b6 12. a3 Bb7 13. Nbd2 Re8 14. Ne4 Nf8 15. Nxc5 bxc5 16. Ng5 Ng6 17. Qh5 h6 18. Nh3 Nxf4 19. Nxf4 Rb8 20. Nh3 Ne7 21. f4 Nf5 22. g4 Ne3 23. Ba4 Qd5 24. Re2 Qh1+ 25. Kf2 Qg2+ 26. Ke1 Qf1+ 27. Kd2 Qxa1 28. g5 Bf3 29. Qxf3 0-1

[Event "*** Titled Tuesday Blitz"]
[Site "Chess.com"]
[Date "2020.05.05"]
[Round "5"]
[White "Marty435"]
[Black "Gandrade2"]
[Result "1-0"]
[WhiteElo "2517"]
[BlackElo "2018"]
[TimeControl "180+1"]
[EndTime "10:54:49 PDT"]
[Termination "Marty435 won by resignation"]

1. d4 d5 2. Bf4 Nf6 3. e3 c5 4.
c3 Nc6 5. Nd2 Bf5 6. Qb3 Qd7 7.
Ngf3 c4 8. Qd1 e6 9. Be2 Bd6 10. O-O O-O 11. Ne5 Qc7 12. Ndf3 Bg4 13. Nxg4 Nxg4 14.
Bxd6 Qxd6 15. h3 Nf6 16. b4 b5 17. a4 a6 18. Ra3 a5 19. axb5 Ne7 20. Rxa5 Rxa5 21.
bxa5 Ra8 22. Qa1 Nd7 23. Rb1 f6 24. Bd1 Kf7 25. Bc2 g6 26. e4 Kg7 27. Qa4 Qc7 28.
b6 Qd8 29. exd5 Nxb6 30. Rxb6 Qxb6 31. axb6 Rxa4 32. Bxa4 1-0

[Event "*** Titled Tuesday Blitz"]
[Site "Chess.com"]
[Date "2020.05.05"]
[Round "5"]
[White "DonPreuss"]
[Black "sjevtic"]
[Result "1-0"]
[WhiteElo "2183"]
[BlackElo "2292"]
[TimeControl "180+1"]
[EndTime "10:54:53 PDT"]
[Termination "DonPreuss won by resignation"]

1. Nc3 d5 2. e4 dxe4 3. f3 exf3 4.
Nxf3 Nf6 5. d4 e6 6. Bd3 Be7 7.
O-O O-O 8. Qe1 Nbd7 9. Qh4 c5 10. Bg5 g6 11. Ne4 cxd4 12. Ne5 Kg7 13. Nxd7 Nxe4 14. Bxe7 Qxd7 15. Bxe4 1-0

[Event "*** Titled Tuesday Blitz"]
[Site "Chess.com"]
[Date "2020.05.05"]
[Round "5"]
[White "KaterynaLagno"]
[Black "woodhy"]
[Result "1/2-1/2"]
[WhiteElo "2617"]
[BlackElo "2413"]
[TimeControl "180+1"]
[EndTime "10:54:54 PDT"]
[Termination "Game drawn by repetition"]

1. e4 e6 2. d4 d5 3. Nd2 c5 4.
exd5 exd5 5. Ngf3 Nc6 6. Bb5 Bd6 7. dxc5 Bxc5 8. O-O Ne7 9. Nb3 Bd6 10. Bg5 O-O 11. Re1 Bg4 12. c3 Qc7 13. h3 Bh5 14. Be2 h6 15.
Bxe7 Nxe7 16. Nfd4 Bxe2 17. Rxe2 a6 18. Qd3 Rad8 19.
Nf5 Nxf5 20. Qxf5 a5 21. Nd4 Bc5 22. Rd1 Qb6 23. Rd3 Rde8 24. Qf3 Re4 25. Rxe4 dxe4 26. Qxe4 Qxb2 27. Nf5 Qxf2+ 28. Kh2 Qg1+ 29. Kg3 Qf2+ 30.
Kh2 Qg1+ 31. Kg3 Qf2+ 32. Kh2 1/2-1/2

[Event "*** Titled Tuesday Blitz"]
[Site "Chess.com"]
[Date "2020.05.05"]
[Round "5"]
[White "silverback96"]
[Black "davigator"]
[Result "1-0"]
[WhiteElo "2128"]
[BlackElo "2301"]
[TimeControl "180+1"]
[EndTime "10:54:54 PDT"]
[Termination "silverback96 won by resignation"]

1. Nf3 d5 2. g3 Bg4 3. Bg2 Nd7 4. h3 Bh5 5. d4 c6 6. O-O e6 7. c4 Ngf6 8. Nc3 Be7 9. Nh4 Nb6 10. g4 Nfd7 11.
gxh5 Bxh4 12. c5 Nc8 13. e4 b6 14. Qg4 g6 15. exd5 cxd5 16. Nxd5 exd5 17. Bxd5 Rb8 18. c6 Nf6 19. Re1+ Ne7 20. Qxh4 Nxd5 21. Bg5 Kf8 22. Re5 f6 23. Bxf6 Qd6 24. Bxh8 Nf5 25. Qf4 Kf7 26. Rxf5+ 1-0

[Event "*** Titled Tuesday Blitz"]
[Site "Chess.com"]
[Date "2020.05.05"]
[Round "5"]
[White "Love_craft"]
[Black "Konovalova_Vera"]
[Result "1-0"]
[WhiteElo "2347"]
[BlackElo "2103"]
[TimeControl "180+1"]
[EndTime "10:54:55 PDT"]
[Termination "Love_craft won by resignation"]

1. Nf3 f5 2. g3 Nf6 3. Bg2 e6 4.
O-O Be7 5. d3 O-O 6. Nbd2 c6 7.
e4 d5 8. e5 Ng4 9. h3 Nh6 10.
Re1 Nd7 11. Nf1 Nf7 12. h4 Qc7 13. d4 c5 14. c3 b6 15. Bf4 Ba6 16. Qd2 Rac8 17.
Ne3 cxd4 18. Nxd4 Nd8 19. Nxd5 exd5 20. e6 Ne5 21. Rxe5 Bd6 22. Rxf5 Rxf5 23. Bxd6 Qxd6 24. Nxf5 Qc5 25. Qxd5 Bc4 26. Qxc5 bxc5 27. Ne7+ 1-0

[Event "*** Titled Tuesday Blitz"]
[Site "Chess.com"]
[Date "2020.05.05"]
[Round "5"]
[White "DLR7"]
[Black "Kostya26"]
[Result "1-0"]
[WhiteElo "2686"]
[BlackElo "2439"]
[TimeControl "180+1"]
[EndTime "10:54:56 PDT"]
[Termination "DLR7 won by resignation"]

1. e4 c5 2. Nf3 Nc6 3. b3 e5 4. Bb2 d6 5. Bc4 Be7 6. O-O Nf6 7. Nc3 O-O 8. h3 h6 9. d3 Be6 10. Nd5 Qd7 11. Ne3 Kh8 12. Re1 g6 13. c3 Kh7 14.
Qd2 Nh5 15. d4 cxd4 16. cxd4 exd4 17. Nxd4 Nxd4 18. Qxd4 Bf6 19. Qd2 Bxb2 20. Qxb2 Bxc4 21. Nxc4 Qe6 22. Rad1 Rad8 23. Qd4 f5 24. exf5 Qxf5 25.
Re7+ Rf7 26. g4 Qf3 27. Rd3 1-0

[Event "*** Titled Tuesday Blitz"]
[Site "Chess.com"]
[Date "2020.05.05"]
[Round "5"]
[White "guillembaches"]
[Black "IsaacWiebe"]
[Result "1-0"]
[WhiteElo "2426"]
[BlackElo "2145"]
[TimeControl "180+1"]
[EndTime "10:54:57 PDT"]
[Termination "guillembaches won by resignation"]

1. e4 e6 2. Nf3 d5 3. exd5 exd5 4. d4 Bd6 5. c4 Nf6 6. Nc3 c6 7. Bd3 dxc4 8. Bxc4 O-O 9. O-O Nbd7 10. h3 Nb6 11. Bb3 Bf5 12. Ne5 h6 13. Qf3 Be6 14. Bxe6 fxe6 15. Qg3 Bxe5 16. dxe5 Nfd5 17. Bxh6 Qe7 18.
Ne4 Rf5 19. Bg5 Qf7 20. Nd6 Qg6 21. Nxf5 Qxf5 22. Bh6 Qh7 23. Bg5 Rf8 24. Rad1 Rf5 25.
f4 Nc4 26. Rf2 Qh5 27. Re1 Rf7 28. Qd3 Ncb6 29. g4 Qg6 30. Qxg6 1-0

[Event "*** Titled Tuesday Blitz"]
[Site "Chess.com"]
[Date "2020.05.05"]
[Round "5"]
[White "1977Ivan"]
[Black "Marcin"]
[Result "1-0"]
[WhiteElo "2635"]
[BlackElo "2421"]
[TimeControl "180+1"]
[EndTime "10:54:59 PDT"]
[Termination "1977Ivan won by resignation"]

1. e4 c5 2. Be2 Nc6 3. f4 e6 4.
Nf3 Qc7 5. O-O a6 6. d3 Nge7 7. Qe1 d5 8. Kh1 b6 9. Bd1 Bb7 10. Na3 O-O-O 11. Ng5 Ng6 12. f5 h6 13. Nxe6 fxe6 14.
fxg6 Bd6 15. Bg4 Bxh2 16. exd5 Nd4 17. Rf7 Rd7 18. dxe6 Bxg2+ 19. Kxg2 Rxf7 20. exf7+ 1-0

[Event "*** Titled Tuesday Blitz"]
[Site "Chess.com"]
[Date "2020.05.05"]
[Round "5"]
[White "Gerasimenyuk_Miha"]
[Black "chessdjw"]
[Result "0-1"]
[WhiteElo "2360"]
[BlackElo "2659"]
[TimeControl "180+1"]
[EndTime "10:55:01 PDT"]
[Termination "chessdjw won by resignation"]

1. d4 Nf6 2. Nf3 g6 3. Bg5 Bg7 4. Nbd2 O-O 5. e3 d6 6. Bd3 c5 7. c3 b6 8. h4 Bb7 9. h5 Nxh5 10.
Rxh5 gxh5 11. Nh4 Qd7 12. Qxh5 f5 13. Bh6 e6 14. O-O-O Qf7 15. Qg5 Qf6 16. Qxf6 Rxf6 17. Bxg7 Kxg7 18. dxc5 bxc5 19. Ndf3 Nc6 20. Rh1 a5 21.
Ng5 h6 22. Nh3 Ne5 23. Bc2 Ng4 24. Rf1 Be4 25. Nf4 Kh7 26. Nh5 Rff8 27. Bb3 Bd3 28. Re1 c4 29. Bc2 Nxf2 30. Nf4 e5 31.
Ne6 Rf7 0-1

[Event "*** Titled Tuesday Blitz"]
[Site "Chess.com"]
[Date "2020.05.05"]
[Round "5"]
[White "aakankshachess"]
[Black "DishonorOnYourCow"]
[Result "1-0"]
[WhiteElo "2502"]
[BlackElo "2329"]
[TimeControl "180+1"]
[EndTime "10:55:01 PDT"]
[Termination "aakankshachess won on time"]

1. e4 c5 2. Nf3 d6 3. Bb5+ Nd7 4. O-O a6 5. Bxd7+ Bxd7 6. d4 cxd4 7. Qxd4 e5 8. Qd3 Rc8 9. c4 h6 10. b3 Nf6 11. Nc3 Be7 12. h3 O-O 13. Rd1 b5 14. cxb5 axb5 15. Nxb5 Bxb5 16. Qxb5 Nxe4 17. Bb2 Rc2 18. Qd3 Rxb2 19. Qxe4 Qb6 20. Rd2 Rxd2 21. Nxd2 f5 22. Qd5+ Kh8 23. Rc1 Bg5 24. Rc6 Qb8 25. Rxd6 e4 26. Nc4 Bf4 27. Rd7 Qb4 28. g3 Qe1+ 29.
Kg2 Bxg3 30. Qd4 Rg8 31. fxg3 Qe2+ 32. Qf2 1-0

[Event "*** Titled Tuesday Blitz"]
[Site "Chess.com"]
[Date "2020.05.05"]
[Round "5"]
[White "JoachimMouhamad"]
[Black "FMOlexandrProhorov"]
[Result "1-0"]
[WhiteElo "2297"]
[BlackElo "2056"]
[TimeControl "180+1"]
[EndTime "10:55:02 PDT"]
[Termination "JoachimMouhamad won by checkmate"]

1. e4 c5 2. Nf3 e6 3. d4 cxd4 4. Nxd4 Qb6 5. Nb3 Nf6 6. Nc3 Bb4 7. Bd3 d5 8. exd5 Nxd5 9. O-O Nxc3 10. bxc3 Bxc3 11.
Ba3 Bxa1 12. Qxa1 f6 13. Re1 Kf7 14. Qd1 Nc6 15. Qh5+ g6 16. Qh4 Ne5 17. Rxe5 Bd7 18. Re3 Rae8 19. Rf3 e5 20. Bc4+ Kg7 21. Bc5 Qd8 22.
Rd3 Qc8 23. Nd2 Bf5 24. Be3 Bxd3 25. Qh6# 1-0

[Event "*** Titled Tuesday Blitz"]
[Site "Chess.com"]
[Date "2020.05.05"]
[Round "5"]
[White "Gahan-MG"]
[Black "Kezin_Roman"]
[Result "0-1"]
[WhiteElo "2599"]
[BlackElo "2797"]
[TimeControl "180+1"]
[EndTime "10:55:05 PDT"]
[Termination "Kezin_Roman won by resignation"]

1. e4 c5 2. Nf3 e6 3. c3 d5 4. exd5 exd5 5. d4 Nc6 6. Bb5 Bd6 7. dxc5 Bxc5 8. O-O Nf6 9. Re1+ Be6 10. Be3 Bxe3 11. Rxe3 O-O 12. Nd4 Qb6 13. Bxc6 bxc6 14. Qb3 Qc7 15. Nd2 Ng4 16. Rg3 Qf4 17. N2f3 c5 18.
Ne2 Qd6 19. Qc2 Nf6 20. Ng5 Rae8 21. Rd1 h6 22. Nxe6 Rxe6 23. Nc1 Rfe8 24. Qd2 Ne4 25. Qxd5 Nxc3 0-1

[Event "*** Titled Tuesday Blitz"]
[Site "Chess.com"]
[Date "2020.05.05"]
[Round "5"]
[White "thedjoker98"]
[Black "stanyga"]
[Result "1-0"]
[WhiteElo "2502"]
[BlackElo "2678"]
[TimeControl "180+1"]
[EndTime "10:55:09 PDT"]
[Termination "thedjoker98 won by resignation"]

1. d4 Nf6 2. c4 c6 3. Nc3 d5 4. cxd5 cxd5 5. Bf4 Nc6 6. e3 Bf5 7. Nf3 e6 8. Qb3 Qb6 9. Qxb6 axb6 10. a3 Bb4 11. Rc1 Bxc3+ 12. Rxc3 Ne4 13. Rb3 Na5 14. Rxb6 Rc8 15. Bb5+ Ke7 16. O-O g5 17. Nxg5 Nd2 18. Rd1 Rhg8 19. b4 h6 20. bxa5 hxg5 21.
Rxb7+ Kf6 22. Be5+ Kg6 23. a6 f6 24. Bc7 Ne4 25. a7 Nc3 26. Rc1 Rxc7 27. Rxc7 Nxb5 28. Rb7 1-0

[Event "*** Titled Tuesday Blitz"]
[Site "Chess.com"]
[Date "2020.05.05"]
[Round "5"]
[White "aNaartjieZA"]
[Black "VojtechPlat"]
[Result "0-1"]
[WhiteElo "2598"]
[BlackElo "2790"]
[TimeControl "180+1"]
[EndTime "10:55:10 PDT"]
[Termination "VojtechPlat won by resignation"]

1. e4 c5 2. Nf3 Nc6 3. g3 g6 4. Bg2 Bg7 5. O-O d6 6. Re1 Nf6 7. c3 O-O 8. h3 e5 9. d3 Rb8 10. a4 a6 11. Na3 b5 12. axb5 axb5 13. Nc2 h6 14. d4 cxd4 15. cxd4 exd4 16. Nfxd4 Ne5 17.
Nb4 Bd7 18. f4 Nc4 19. b3 Na5 20. Kh2 h5 21. Be3 Re8 22. Bf2 Rc8 23. Qd2 h4 24. g4 Bxg4 25. hxg4 Nxg4+ 26. Kg1 Nxf2 27. Qxf2 Bxd4 28.
Qxd4 Nxb3 29. Qb2 Nxa1 30. Rxa1 h3 31. Nd5 Qh4 32. Nf6+ Kf8 33. Nd7+ Ke7 34. Ra7 Kd8 35. Nf6 h2+ 36. Kh1 Qe1+ 0-1

[Event "*** Titled Tuesday Blitz"]
[Site "Chess.com"]
[Date "2020.05.05"]
[Round "5"]
[White "Oglob71"]
[Black "BabyBoss31"]
[Result "1-0"]
[WhiteElo "2478"]
[BlackElo "2288"]
[TimeControl "180+1"]
[EndTime "10:55:13 PDT"]
[Termination "Oglob71 won by resignation"]

1. d4 d5 2. Nf3 Nf6 3. c4 c6 4. e3 Bf5 5. Nc3 e6 6. Nh4 Bg6 7. Be2 Nbd7 8. O-O Bd6 9. g3 O-O 10.
Nxg6 hxg6 11. b3 Qe7 12. Bf3 Rac8 13. Bg2 Ba3 14. Bd2 Rfd8 15. f4 c5 16. Nb5 cxd4 17. exd4 a6 18. Nxa3 Qxa3 19. c5 b6 20. b4 a5 21. Rf3 Qb2 22. Bc3 Qa3 23. bxa5 bxc5 24. Be1 Qb2 25. Rb3 Qxd4+ 26. Qxd4 cxd4 27. Bf2 Nc5 28. Rb5 Nce4 29. Bxd4 Rc4 30. Bb6 Rc2 31.
Bxd8 1-0

[Event "*** Titled Tuesday Blitz"]
[Site "Chess.com"]
[Date "2020.05.05"]
[Round "5"]
[White "Zq1"]
[Black "Sjakkerntobi"]
[Result "1-0"]
[WhiteElo "2554"]
[BlackElo "2247"]
[TimeControl "180+1"]
[EndTime "10:55:14 PDT"]
[Termination "Zq1 won by resignation"]

1. d4 Nf6 2. c4 e6 3. Nc3 d5 4.
Nf3 Be7 5. g3 O-O 6. Bg2 dxc4 7. Ne5 Nbd7 8. Nxc4 c5 9. O-O cxd4 10.
Qxd4 Nc5 11. Be3 Qxd4 12. Bxd4 Bd7 13. Na5 Rab8 14. Be5 Rbc8 15. Nxb7 Bc6 16. Nd6 Bxd6 17. Bxd6 Rfd8 18. Bxc5 Bxg2 19. Kxg2 Rxc5 20. Rfd1 Rb8 21.
Rd2 Kf8 22. Rad1 Ke7 23. f3 Rc7 24. Kf2 Rcb7 25. b3 Rc7 26. Rd3 Rbc8 27. Nb5 Rc2 28. R1d2 a6 29. Nd6 Rxd2 30. Nxc8+ 1-0

[Event "*** Titled Tuesday Blitz"]
[Site "Chess.com"]
[Date "2020.05.05"]
[Round "5"]
[White "Karina_Ivanova"]
[Black "NemtsevIgor"]
[Result "1-0"]
[WhiteElo "2183"]
[BlackElo "2320"]
[TimeControl "180+1"]
[EndTime "10:55:14 PDT"]
[Termination "Karina_Ivanova won by resignation"]

1. Nf3 c6 2. g3 d6 3. Bg2 h6 4. d4 g5 5. h3 Bg7 6. c4 Nd7 7. Nc3 Nf8 8. b3 a6 9. Bb2 b5 10. e4 Ne6 11. O-O b4 12. Ne2 Nf8 13. e5 dxe5 14. dxe5 Qxd1 15. Rfxd1 Ne6 16. Nd2 Bd7 17. f4 h5 18. f5 Nc5 19. g4 Nd3 20. Bd4 c5 21. Nf3 cxd4 22. Rxd3 Bc6 23. Nexd4 Rd8 24. Rad1 Ba8 25. Ne6 Rxd3 26. Nxg7+ Kf8 27. Rxd3 Kxg7 28. Nxg5 Bxg2 29. Kxg2 hxg4 30. hxg4 e6 31. fxe6 fxe6 32. Nxe6+ Kg6 33. Rd8 Kf7 34. Nc7 Ke7 35. Rb8 Kd7 36. Nxa6 Ke6 37. Nxb4 Kxe5 38. Nd5 Kd4 39. Nf6 Rh6 40.
Nxg8 Rg6 41. Kg3 1-0

[Event "*** Titled Tuesday Blitz"]
[Site "Chess.com"]
[Date "2020.05.05"]
[Round "5"]
[White "zmeeed67"]
[Black "tteshan"]
[Result "1-0"]
[WhiteElo "2387"]
[BlackElo "2206"]
[TimeControl "180+1"]
[EndTime "10:55:15 PDT"]
[Termination "zmeeed67 won on time"]

1. d4 Nf6 2. c4 e6 3. Nc3 Bb4 4. f3 d5 5. a3 Bxc3+ 6. bxc3 O-O 7. cxd5 exd5 8. e3 Re8 9. Bd3 c5 10. Ne2 Nc6 11. O-O Qc7 12. Ng3 Be6 13. Ra2 a6 14.
Bb1 b5 15. Rd2 Na5 16. e4 dxe4 17. fxe4 Nc4 18. Rdf2 Bg4 19. Qc2 cxd4 20. cxd4 Rad8 21. e5 Rxd4 22. exf6 g6 23. Bb2 Rd5 24. Qc1 Qd6 25.
Ba2 Rc8 26. Bxc4 Rxc4 27. Qh6 Qf8 28. Qe3 1-0

[Event "*** Titled Tuesday Blitz"]
[Site "Chess.com"]
[Date "2020.05.05"]
[Round "5"]
[White "maxsergej"]
[Black "Kavyev_Ruslan"]
[Result "0-1"]
[WhiteElo "2120"]
[BlackElo "2506"]
[TimeControl "180+1"]
[EndTime "10:55:15 PDT"]
[Termination "Kavyev_Ruslan won on time"]

1. e4 c5 2. Nf3 d6 3. d4 cxd4 4. Nxd4 Nf6 5. Nc3 a6 6. Be3 e5 7.
Nf3 Be7 8. h3 Be6 9. Qd2 h6 10.
Be2 Nbd7 11. O-O b5 12. a3 Rc8 13. Rfe1 O-O 14. Rad1 Nb6 15. Bxb6 Qxb6 16. Nd5 Bxd5 17. exd5 Rfe8 18. c3 Bf8 19. Qe3 Qb7 20. Nh4 g6 21.
Qg3 Bg7 22. Bf3 Rc4 23. Rd2 Rf4 24. Bd1 Ne4 25. Rxe4 Rxe4 26. Nxg6 fxg6 27. Qxg6 Re1+ 28. Kh2 Qf7 29. Qg3 Qf4 0-1

[Event "*** Titled Tuesday Blitz"]
[Site "Chess.com"]
[Date "2020.05.05"]
[Round "5"]
[White "Poghosyan_Suren"]
[Black "dennisodessa"]
[Result "1-0"]
[WhiteElo "2481"]
[BlackElo "2291"]
[TimeControl "180+1"]
[EndTime "10:55:17 PDT"]
[Termination "Poghosyan_Suren won by resignation"]

1. Nf3 e6 2. c4 Nf6 3. g3 b6 4.
Bg2 Bb7 5. b3 Be7 6. Bb2 O-O 7.
O-O c5 8. d4 cxd4 9. Qxd4 Nc6 10. Qh4 d5 11. Nbd2 Ne4 12. Qg4 Bf6 13. Bxf6 Nxf6 14.
Qh4 e5 15. cxd5 Nxd5 16. Qh3 Qe7 17. Rac1 e4 18. Nxe4 Qxe4 19. Ng5 Qg6 20. Bxd5 Rad8 21. Bxc6 Bxc6 22. Qxh7+ Qxh7 23. Nxh7 Bb5 24. Nxf8 1-0

[Event "*** Titled Tuesday Blitz"]
[Site "Chess.com"]
[Date "2020.05.05"]
[Round "5"]
[White "Efremov_Vlad"]
[Black "keepitcool9499"]
[Result "0-1"]
[WhiteElo "2134"]
[BlackElo "2461"]
[TimeControl "180+1"]
[EndTime "10:55:18 PDT"]
[Termination "keepitcool9499 won by resignation"]

1. d4 Nf6 2. c4 e6 3. Nf3 d5 4.
Nc3 Be7 5. Bf4 O-O 6. e3 c6 7. c5 b6 8. b4 a5 9. a3 Nbd7 10. Be2 Ba6 11. O-O Bxe2 12. Qxe2 Nh5 13. Rfb1 Nxf4 14. exf4 Bf6 15. Ne5 Bxe5 16. fxe5 f6 17. b5 Rc8 18. bxc6 Rxc6 19. Qb5 Rc8 20. c6 Nb8 21. Qxb6 Qxb6 22. Rxb6 Rxc6 23. Rxc6 Nxc6 24. exf6 Nxd4 25. fxg7 Rc8 26. Na4 Kxg7 27. Nb6 Rc3 28. Nd7 Nc2 29. Re1 Nxe1 0-1

[Event "*** Titled Tuesday Blitz"]
[Site "Chess.com"]
[Date "2020.05.05"]
[Round "5"]
[White "madalin18"]
[Black "QueenOfTactics90"]
[Result "1-0"]
[WhiteElo "2150"]
[BlackElo "1988"]
[TimeControl "180+1"]
[EndTime "10:55:18 PDT"]
[Termination "madalin18 won on time"]

1. e4 c5 2. Nf3 Nc6 3. d4 cxd4 4. Nxd4 g6 5. Nc3 Bg7 6. Be3 Nf6 7. Nxc6 dxc6 8.
Qxd8+ Kxd8 9. O-O-O+ Bd7 10. f3 e5 11. Bc4 Ke8 12. Rd3 b6 13. Rhd1 Ke7 14. Bg5 Rad8 15. Bxf7 h6 16. Bxf6+ Bxf6 17. Bxg6 Rhg8 18. Bf5 Bxf5 19.
Rxd8 Rxd8 20. Rxd8 Kxd8 21. exf5 Ke7 22. Ne4 Bh8 23. f6+ Ke6 24. Kd2 Bxf6 25. Nxf6 Kxf6 26.
Ke3 Kf5 27. g4+ Ke6 28. Ke4 1-0

[Event "*** Titled Tuesday Blitz"]
[Site "Chess.com"]
[Date "2020.05.05"]
[Round "5"]
[White "MihailNik"]
[Black "Problematique_99"]
[Result "1-0"]
[WhiteElo "2726"]
[BlackElo "2551"]
[TimeControl "180+1"]
[EndTime "10:55:19 PDT"]
[Termination "MihailNik won by resignation"]

1. c4 Nf6 2. g3 g6 3. Bg2 Bg7 4. Nc3 O-O 5. e4 d6 6. Nge2 e5 7. O-O a5 8. d3 Na6 9. h3 Nc5 10.
Be3 Re8 11. Qd2 c6 12. f4 exf4 13. gxf4 Nh5 14. f5 a4 15. Bg5 Qb6 16. d4 Nd7 17.
Kh1 Qb4 18. Bf3 Ndf6 19. Rac1 Qxc4 20. Nd5 cxd5 21. Rxc4 dxc4 22. e5 dxe5 23. dxe5 Rxe5 24. Bxh5 gxh5 25. Bxf6 Bxf6 26. Rg1+ Kf8 27. Qd6+ 1-0

[Event "*** Titled Tuesday Blitz"]
[Site "Chess.com"]
[Date "2020.05.05"]
[Round "5"]
[White "NormWeinstein"]
[Black "Alexander_Donchenko"]
[Result "1/2-1/2"]
[WhiteElo "2453"]
[BlackElo "2781"]
[TimeControl "180+1"]
[EndTime "10:55:19 PDT"]
[Termination "Game drawn by repetition"]

1. e4 e5 2. Nf3 Nc6 3. Bb5 Nf6 4. O-O Nxe4 5. d4 Nd6 6. dxe5 Nxb5 7. a4 d6 8. axb5 Nxe5 9. Re1 Be7 10. Nxe5 dxe5 11. Qxd8+ Bxd8 12. Rxe5+ Be6 13. Nc3 Bf6 14. Rc5 O-O-O 15.
Bf4 Rd7 16. Rxa7 Kb8 17. b6 Bxc3 18. Bxc7+ Rxc7 19. Rxc7 Bxb2 20. Raxb7+ Ka8 21. c4 Rd8 22. g3 Bh3 23. Ra7+ Kb8 24. Rcb7+ Kc8 25. Rc7+ Kb8 26. Rab7+ Ka8 27. Ra7+ Kb8 1/2-1/2